 Dungeon Crawl Stone Soup version 0.24.0-1-gfbc8707 (webtiles) character file.

Game seed: 8952388253973202776, levelgen mode: deterministic

1204 Blackhawk the Skirmisher (level 8, 0/64 HPs)
             Began as a Demonspawn Gladiator on Nov 13, 2019.
             Was a Believer of Okawaru.
             Slain by a wight
             ... wielding a cursed +0 halberd
              (1 damage)
             ... on level 8 of the Dungeon on Nov 14, 2019.
             The game lasted 00:09:05 (6441 turns).

Blackhawk the Skirmisher (Demonspawn Gladiator)     Turns: 6441, Time: 00:09:06

Health: 0/64       AC:  9    Str: 16    XL:     8   Next: 21%
Magic:  0/8        EV:  9    Int:  9    God:    Okawaru [**....]
Gold:   416        SH:  0    Dex: 16    Spells: 7/7 levels left

rFire    x . .     SeeInvis .   w - +2 flail (protect)
rCold    + . .     Gourm    .   (no shield)
rNeg     . . .     Faith    .   v - +0 chain mail
rPois    .         Spirit   +   c - +0 helmet
rElec    .         Reflect  .   (no cloak)
rCorr    .         Harm     .   (no gloves)
MR       .....                  (no boots)
Stlth    ..........             (no amulet)
HPRegen  0.20/turn              k - ring of ice
MPRegen  0.22/turn              (no ring)

@: heavily drained
A: magic shield, magic regeneration, sturdy frame 1
a: Heroism, Renounce Religion


You were on level 8 of the Dungeon.
You worshipped Okawaru.
Okawaru was pleased with you.
You were hungry.

You visited 1 branch of the dungeon, and saw 8 of its levels.

You collected 416 gold pieces.

Inventory:

Hand Weapons
 a - a +0 war axe
 w - a +2 flail of protection (weapon)
 A - the +2 glaive of the Depths {drain, rC+}
   (You found it on level 6 of the Dungeon)

   A truly terrible weapon, it drains the life of those it strikes.
   It protects you from cold.
Missiles
 d - 3 throwing nets (quivered)
Armour
 b - a +0 leather armour
 c - a +0 helmet (worn)
 v - a +0 chain mail (worn)
Jewellery
 k - a ring of ice (left hand)
 z - an uncursed ring of wizardry {unknown}
 E - a +5 ring of dexterity {unknown}
Wands
 r - a wand of random effects (18)
 y - a wand of paralysis (8)
Scrolls
 e - 12 scrolls of identify
 g - 3 scrolls of enchant weapon {unknown}
 i - 4 scrolls of amnesia
 j - 4 scrolls of fog {unknown}
 l - 2 scrolls of fear {unknown}
 o - 6 scrolls of teleportation {unknown}
 t - 4 scrolls of remove curse
 u - a scroll of enchant armour {unknown}
 x - a scroll of magic mapping {unknown}
Potions
 h - 2 potions of magic {unknown}
 m - a potion of cancellation {unknown}
 n - a potion of brilliance {unknown}
 p - 3 potions of curing
 q - a potion of degeneration {unknown}
 s - a potion of agility {unknown}
 B - a potion of invisibility {unknown}
 C - a potion of lignification {unknown}
 D - a potion of might {unknown}
 F - a potion of berserk rage {unknown}
Comestibles
 f - 10 rations


   Skills:
 + Level 5.7(3.9) Fighting
 + Level 5.6(3.9) Axes
 - Level 3.1(1.5) Throwing
 + Level 5.6(3.8) Dodging


You had 7 spell levels left.
You didn't know any spells.
Your spell library contained the following spells:

 Spells                   Type           Power        Failure   Level  Hunger
 Magic Dart               Conj           #...         99%         1    ##.....
 Blink                    Tloc           N/A          99%         2    ###....
 Call Imp                 Summ           #.......     99%         2    ###....
 Slow                     Hex            #.......     99%         2    ###....
 Conjure Flame            Conj/Fire      #.......     100%        3    ####...
 Mephitic Cloud           Conj/Pois/Air  #.......     100%        3    ####...


Dungeon Overview and Level Annotations

Branches:
Dungeon (8/15)             Temple (0/1) D:5
   Lair: D:8-11

Altars:
Elyvilon
Gozag
Makhleb
Okawaru
The Shining One

Annotations:
D:3 1 runed translucent door, RedSky's ghost, amateur BaIE
D:5 1 runed translucent door, RedSky's ghost, novice DrFE


Innate Abilities, Weirdness & Mutations

When hurt, damage is shared between your health and your magic reserves.
You regenerate magic rapidly.
Your movements are slightly less encumbered by armour. (ER -2)


Message History

* * * LOW HITPOINT WARNING * * *
You barely miss the wight.
The wight hits you with a cursed +0 halberd.
* * * LOW HITPOINT WARNING * * *
You hit the wight.
Your weapon exudes an aura of protection.
The wight is moderately damaged.
The wight hits you with a cursed +0 halberd.
* * * LOW HITPOINT WARNING * * *
You closely miss the wight.
The wight is moderately damaged.
The wight hits you with a cursed +0 halberd.
* * * LOW HITPOINT WARNING * * *
You feel drained.
* * * LOW HITPOINT WARNING * * *
The wight hits you but does no damage.
The wight hits you from afar with a cursed +0 halberd.
* * * LOW HITPOINT WARNING * * *
You feel drained.
You die...

#.......## #........#
+........# #........#
#........# #......))#
########z# #.# #. #@#
#. ##'#######
.###.#######.........
...........#.........
#........#.........
#....<.............
#........##########
+........# #........#


You could see a wight.

Vanquished Creatures
  A phantom (D:6)
  2 centaurs
  3 bullfrogs
  A howler monkey (D:5)
  2 wights (D:8)
  4 crimson imps
  2 bullfrog zombies (D:6)
  2 orc priests (D:4)
  A hound (D:4)
  A bullfrog skeleton (D:5)
  An iguana (D:4)
  Ijyb (D:3)
  An orc wizard (D:4)
  A worker ant (D:6)
  A worker ant zombie (D:5)
  4 gnolls (D:6)
  8 adders
  2 oozes
  2 adder skeletons
  2 worms (D:2)
  A leopard gecko (D:6)
  8 orcs
  2 ball pythons
  4 bats
  2 giant cockroaches
  5 goblins
  10 hobgoblins
  12 jackals
  8 kobolds
  3 quokkas
  A ball python skeleton (D:3)
  2 frilled lizards
  A jackal skeleton (D:6)
  A jackal zombie (D:7)
  A quokka zombie (D:5)
  6 rats
109 creatures vanquished.

Notes
Turn   | Place    | Note
-------+----------+-------------------------------------------
     0 | D:1      | Blackhawk the Demonspawn Gladiator began the quest for the
                  | Orb.
     0 | D:1      | Reached XP level 1. HP: 16/16 MP: 1/1
    18 | D:1      | Gained mutation: Your movements are slightly less
                  | encumbered by armour. (ER -2) [demonic ancestry]
    18 | D:1      | Reached XP level 2. HP: 14/22 MP: 2/2
   662 | D:2      | Found an iron altar of Okawaru.
   672 | D:2      | Gained mutation: When hurt, damage is shared between your
                  | health and your magic reserves. [demonic ancestry]
   672 | D:2      | Reached XP level 3. HP: 13/28 MP: 3/3
   702 | D:2      | Became a worshipper of Warmaster Okawaru
  1557 | D:3      | Found an opulent altar of Gozag.
  1659 | D:3      | Gained mutation: You regenerate magic rapidly. [demonic
                  | ancestry]
  1659 | D:3      | Reached XP level 4. HP: 23/34 MP: 4/4
  2051 | D:3      | Noticed Ijyb
  2074 | D:3      | Killed Ijyb
  2170 | D:3      | Found a runed translucent door.
  2264 | D:3      | Noticed RedSky's ghost (amateur BaIE)
  2374 | D:4      | Reached XP level 5. HP: 27/41 MP: 3/5
  3627 | D:4      | Reached XP level 6. HP: 37/47 MP: 6/6
  3738 | D:5      | Entered Level 5 of the Dungeon
  3763 | D:5      | Noticed RedSky's ghost (novice DrFE)
  3766 | D:5      | Found a runed translucent door.
  3934 | D:5      | Found a staircase to the Ecumenical Temple.
  4150 | D:5      | Reached * piety under Okawaru
  4176 | D:5      | Reached XP level 7. HP: 47/55 MP: 7/7
  4189 | D:5      | Found a burning altar of Makhleb.
  4265 | D:5      | Found a white marble altar of Elyvilon.
  5243 | D:6      | Got a bloodstained glaive
  5244 | D:6      | Identified the +2 glaive of the Depths {drain, rC+} (You
                  | found it on level 6 of the Dungeon)
  5269 | D:6      | Found a glowing golden altar of the Shining One.
  5400 | D:6      | Reached skill level 5 in Axes
  5414 | D:6      | Reached skill level 5 in Fighting
  5414 | D:6      | Reached skill level 5 in Dodging
  5557 | D:6      | Found a glowing golden altar of the Shining One.
  6058 | D:7      | Reached ** piety under Okawaru
  6058 | D:7      | Reached XP level 8. HP: 54/63 MP: 8/8
  6438 | D:8      | HP: 3/64 [wight/cursed +0 halberd (3)]
  6438 | D:8      | HP: 1/64 [wight/cursed +0 halberd (2)]
  6441 | D:8      | Slain by a wight

Levels and vault maps discovered:
D:1:      saegor_arrival_simple_b, layout_rooms, hangedman_glass_teeth
D:2:      layout_basic, okawaru_metal_pillars_1_2, grunt_decor_arrowhead
D:3:      layout_loops_ring, nicolae_gozag_cash_rules_everything_around_me,
          ebering_ghost_reflecting_pool, kennysheep_donut, uniq_ijyb
D:4:      layout_gridville, patterned_corridor
D:5:      layout_loops_corners, chequers_temple_overflow_statue_of_worship,
          minmay_temple_entry_junction, first_ration,
          hellmonk_ghost_happy_afterlife
D:6:      layout_rooms, kennysheep_mini_moat, serial_glass, glass_columns_c,
          glass_columns_b, chequers_serial_rivers_large_a, grunt_ministairs_5,
          tso_metal_star
D:7:      layout_basic, nicolae_lava_and_water
D:8:      layout_basic, lair_entry_dummy, serial_shops, shop,
          nicolae_shop_behind_doors, grunt_ogre_cave, uniq_harold

Skill      XL: |  1  2  3  4  5  6  7 |
---------------+----------------------+-----
Throwing       | 2 3 |  3.1
Axes           | 3 4 5 |  5.6
Dodging        | 3 4 5 |  5.6
Fighting       | 3 4 5 |  5.7

Action                   |  1- 3 |  4- 6 |  7- 9 || total
-------------------------+-------+-------+-------++-------
Melee: War axe           |   118 |   102 |       ||   220
       Flail             |       |    45 |   145 ||   190
  Use: Scroll            |     3 |       |     1 ||     4
 Stab: Sleeping          |     1 |       |       ||     1
  Eat: Chunk             |     2 |     9 |     3 ||    14
       Ration            |       |       |     1 ||     1
Armor: Leather armour    |    34 |    54 |    12 ||   100
       Chain mail        |       |       |    91 ||    91
Dodge: Dodged            |   104 |   147 |   106 ||   357
